 Dungeon Crawl Stone Soup version 0.18.1-5-g4a78601 (webtiles) character file.

1934 Gargoyl the Covered (level 8, -11/61 HPs)
             Began as a Demonspawn Abyssal Knight on May 12, 2016.
             Was an Elder of Lugonu.
             Mangled by an orc warrior
             ... wielding a +0 mace
              (15 damage)
             ... on level 6 of the Dungeon.
             The game lasted 00:21:45 (8317 turns).

Gargoyl the Covered (Demonspawn Abyssal Knight)     Turns: 8317, Time: 00:21:45

Health: -11/61     AC: 14    Str: 21    XL:     8   Next: 97%
Magic:  6/10       EV:  5    Int: 13    God:    Lugonu [****..]
Gold:   215        SH: 16    Dex: 12    Spells: 0 memorised, 7 levels left

rFire  . . .     SeeInvis .     y - +0 war axe
rCold  . . .     Gourm    .     x - +0 chain mail
rNeg   . . .     Faith    .     l - +1 large shield
rPois  .         Spirit   .     t - +0 hat
rElec  .         Dismiss  .     (no cloak)
rCorr  .         Reflect  .     n - +1 pair of gloves
SustAt +         Harm     .     (no boots)
MR     .....                    (no amulet)
Stlth  ..........               (no ring)
                                f - ring of sustain attributes

@: mighty, hasted and slowed, not resistant to hostile enchantments, extremely
unstealthy
A: hooves 1, slimy green scales 1, powered by pain 1
a: Depart the Abyss, Bend Space, Banish, Corrupt, Renounce Religion


You were on level 6 of the Dungeon.
You worshipped Lugonu.
Lugonu was greatly pleased with you.
You were hungry.

You visited 1 branch of the dungeon, and saw 6 of its levels.
You visited the Abyss 1 time.
You also visited: Sewer.

You collected 245 gold pieces.
You spent 30 gold pieces at shops.

Inventory:

Hand Weapons
 a - a +0 blowgun
 y - a +0 war axe (weapon)
Missiles
 p - 7 poisoned needles
Armour
 l - a +1 large shield (worn)
 n - a +1 pair of gloves (worn)
 t - a +0 hat (worn)
 x - a +0 chain mail (worn)
Jewellery
 f - a ring of sustain attributes (left hand)
 v - an uncursed ring of flight
Wands
 b - a wand of iceblast (7/15)
 i - a wand of flame (9/48)
Scrolls
 e - a scroll of amnesia
 g - a scroll of teleportation
 j - 6 scrolls of fog
 r - 3 scrolls of remove curse
 s - 2 scrolls of enchant weapon
 w - 2 scrolls of fear
 A - 2 scrolls of identify
 B - a scroll of enchant armour
Potions
 m - a potion of flight
 o - 2 potions of magic
 u - a potion of cancellation {unknown}
Books
 d - a book of the Dragon

   Spells                             Type                      Level
   a - Flame Tongue                   Conjuration/Fire             1
   b - Cause Fear                     Hexes                        4
   c - Bolt of Fire                   Conjuration/Fire             6
   d - Dragon Form                    Transmutation                7
   e - Dragon's Call                  Summoning                    9
Comestibles
 c - 5 bread rations
 h - a beef jerky
 k - 3 meat rations


   Skills:
 + Level 4.4 Fighting
 + Level 4.5 Axes
 * Level 6.2 Armour
 + Level 4.0 Dodging
 + Level 0.8 Stealth
 + Level 5.1 Shields
 + Level 3.4 Invocations


You had 7 spell levels left.
You didn't know any spells.

Dungeon Overview and Level Annotations

Branches:
Dungeon (6/15)             Temple (0/1) D:4

Altars:
Ashenzari
Elyvilon

Shops:
D:5 !(*

Annotations:
Abyss:1 Grinder


Innate Abilities, Weirdness & Mutations

You have large cloven feet.
You are partially covered in slimy green scales (AC +2).
You sometimes gain a little power by taking damage.


Message History

Aim: an orc warrior, wielding a mace and wearing a plate armour (severely wounded, chance to defeat MR: 82%)
You fail to use your ability.
The orc warrior hits you but does no damage.
The orc wizard gestures at you while chanting.
The magic dart hits you!
Unknown command.
Press: ? - help, Shift-Dir - straight line, f/p - orc warrior
Aim: an orc warrior, wielding a mace and wearing a plate armour (severely wounded, chance to defeat MR: 82%)
You fail to use your ability.
The orc wizard casts a spell.
The orc wizard blinks!
You block the orc warrior's attack.
Press: ? - help, Shift-Dir - straight line, f/p - orc warrior
Aim: an orc warrior, wielding a mace and wearing a plate armour (severely wounded, chance to defeat MR: 82%)
The orc warrior barely resists.
You are feeling hungry.
The orc warrior hits you but does no damage.
Drink which item? (? for menu, Esc to quit)
It was a potion of haste.
You feel yourself speed up. The orc warrior hits you with a mace!
You die...

♣...≈≈≈...♣ #..#
#..≈≈≈≈≈..# ##.##
#..≈≈♣≈≈..# #..##
#..≈≈≈≈≈..# ##...
#...≈≈≈...#
#####.
#........##
#..... #.#.....##
#.####
#o#...#######.#
#@#.#...##....#
#o#.###.##.####
##.#.###.#..#
#.(........####
#.....####....###
#.....# ####...##
#.....# ###..#
#.....# ##.#
....### #.#


You could see an orc warrior and an orc wizard.

Vanquished Creatures
  Sigmund (D:3)
  2 ogres (D:5)
  A centaur (D:6)
  2 big kobolds (Sewer)
  2 giant frogs (D:6)
  A gnoll sergeant (D:6)
  3 scorpions
  A howler monkey (D:4)
  A crimson imp (D:6)
  A hound (D:4)
  An orc priest (D:3)
  A centaur skeleton (D:4)
  3 orc wizards
  A giant frog skeleton (D:4)
  Natasha (thrice) (D:3)
  5 worker ants
  A hound zombie (D:5)
  11 gnolls
  12 adders
  2 river rats (Sewer)
  2 oozes (Sewer)
  An adder skeleton (D:6)
  A worm (D:2)
  4 dart slugs
  5 giant geckos
  17 orcs
  10 giant cockroaches
  10 hobgoblins
  4 jackals
  17 kobolds
  5 ball pythons
  9 bats
  A giant gecko skeleton (D:6)
  2 giant newts
  4 goblins
  A quokka skeleton (D:4)
  15 rats
163 creatures vanquished.

Vanquished Creatures (others)
  3 crimson imps
3 creatures vanquished.

Grand Total: 166 creatures vanquished

Notes
Turn   | Place    | Note
--------------------------------------------------------------
     0 | Abyss:1  | Gargoyl the Demonspawn Abyssal Knight began the quest for the Orb.
     0 | Abyss:1  | Reached XP level 1. HP: 18/18 MP: 2/2
   108 | Abyss:2  | Noticed a quasit
   127 | Abyss:2  | Noticed a rakshasa
   143 | Abyss:2  | Noticed an ice beast
   148 | D:1      | Escaped the Abyss
   389 | D:1      | Reached skill level 2 in Armour
   394 | D:1      | Gained mutation: You have large cloven feet. [demonic ancestry]
   394 | D:1      | Reached XP level 2. HP: 24/24 MP: 3/3
   447 | D:1      | Reached * piety under Lugonu
   473 | D:1      | Reached skill level 1 in Dodging
   480 | D:1      | Reached XP level 3. HP: 4/29 MP: 4/4
  1384 | D:2      | Reached skill level 1 in Shields
  1553 | D:2      | Reached XP level 4. HP: 29/35 MP: 5/5
  1862 | D:2      | Reached ** piety under Lugonu
  2775 | D:3      | Reached skill level 3 in Armour
  2775 | D:3      | Gained mutation: You are partially covered in slimy green scales (AC +2). [demonic ancestry]
  2775 | D:3      | Reached XP level 5. HP: 38/41 MP: 6/6
  2993 | D:3      | Noticed Sigmund
  3007 | D:3      | Killed Sigmund
  3007 | D:3      | Reached XP level 6. HP: 19/48 MP: 7/7
  3265 | D:3      | Found a glowing drain.
  3293 | Sewer    | Entered a sewer
  3309 | Sewer    | Reached *** piety under Lugonu
  3313 | Sewer    | Reached skill level 4 in Armour
  3772 | Sewer    | Reached XP level 7. HP: 52/53 MP: 8/8
  3879 | D:3      | Noticed Natasha
  3897 | D:3      | Killed Natasha
  3925 | D:3      | Noticed Natasha
  3932 | D:3      | Killed Natasha
  4280 | D:3      | Found a shattered altar of Ashenzari.
  4282 | D:3      | Noticed Natasha
  4289 | D:3      | Killed Natasha
  4317 | D:3      | Noticed Grinder
  4333 | D:3      | Paralysed by Grinder for 2 turns
  4335 | D:3      | HP: 1/54 [Grinder/nerve-wracking pain (14)]
  4639 | D:3      | Paralysed by Grinder for 6 turns
  4651 | D:2      | Banished Grinder
  4929 | D:3      | Reached **** piety under Lugonu
  5296 | D:4      | Found a staircase to the Ecumenical Temple.
  5656 | D:4      | Gained mutation: You sometimes gain a little power by taking damage. [demonic ancestry]
  5656 | D:4      | Reached XP level 8. HP: 46/60 MP: 10/10
  5666 | D:4      | Reached skill level 5 in Armour
  6166 | D:5      | Entered Level 5 of the Dungeon
  6347 | D:5      | Found Agoeckos's Weapon Boutique.
  6368 | D:5      | Bought a +0 blowgun for 30 gold pieces
  6391 | D:5      | Found Ymiricua's Distillery.
  6692 | D:5      | Found Wiefywk's Assorted Antiques.
  6787 | D:5      | Found Ochiucer's Assorted Antiques.
  7503 | D:6      | Reached skill level 6 in Armour
  7853 | D:6      | Reached skill level 5 in Shields
  8250 | D:6      | Found a white marble altar of Elyvilon.
  8313 | D:6      | HP: 3/61 [orc warrior/mace (7)]
  8317 | D:6      | Mangled by an orc warrior

Skill      XL: |  1  2  3  4  5  6  7  8 |
---------------+-------------------------+-----
Armour         | 2 3 4 6 |  6.2
Axes           | 2 3 4 |  4.5
Dodging        | 1 2 3 4 |  4.0
Shields        | 1 2 3 5 |  5.1
Fighting       | 4 |  4.4
Invocations    | 3 |  3.4
Stealth        | |  0.8

Action                   |  1- 3 |  4- 6 |  7- 9 || total
-------------------------+-------+-------+-------++-------
Melee: Hand axe          |   110 |   335 |   256 ||   701
       Kick              |    15 |    60 |   132 ||   207
       War axe           |       |       |   250 ||   250
 Fire: Blowgun           |       |       |     7 ||     7
Invok: Depart the Abyss  |     1 |       |       ||     1
       Banish            |       |       |     5 ||     5
  Use: Scroll            |       |     8 |     7 ||    15
       Potion            |       |     6 |     7 ||    13
  Eat: Chunk             |     2 |     7 |    12 ||    21
       Pizza             |       |       |     2 ||     2
       Fruit             |       |       |     4 ||     4
Armor: Scale mail        |    81 |   134 |   126 ||   341
       Leather armour    |     8 |       |       ||     8
       Chain mail        |       |       |   220 ||   220
Dodge: Dodged            |    37 |    71 |   102 ||   210
Block: Large shield      |    71 |   224 |   494 ||   789
